AoeStats
← Souk à Belettes

Pilgrims

508058684Analyzed
2v2 RM · 12d ago on Sep 20, 2026· 18m 58s· 4 players
Game mode
Random Map
Map size
Medium (4 player)
Population
200
Speed
Normal
Resources
Standard
Victory
Conquest
Starting age
Dark Age
Ending age
Imperial Age
RankedLock teamsTeams togetherTeam positionsShared explorationLock speedFull tech treeHidden civsTurbo modeCheats
Victory
Defeat
🇧🇷 Bulgarians · Brazil
1279
+10
🇧🇷 Vikings · Brazil
1035
+19
🇨🇭 Berbers · Switzerland
1191
-17
🇫🇷 Wu · France
1066
-12
Souk à Belettes
2:08 Loom
13:41 Feudal Age
15:44 Double-Bit Axe
Delta3
8:21 Loom
12:42 Feudal Age
17:10 Double-Bit Axe
KFE@Vitalino
5:05 Loom
8:41 Loom
11:44 Feudal Age
17:24 Castle Age
16:27 Scale Mail Armor
16:28 Double-Bit Axe
17:26 Forging
17:13 Arson
17:51 Gambesons
18:44 Iron Casting
19:25 Wheelbarrow
KFE@_CU_GORDO
12:18 Feudal Age
13:13 Gold Mining
13:43 Double-Bit Axe
16:26 Fletching
18:52 Castle Age
17:32 Stone Mining
18:28 Forging
18:10 Town Watch
Connection lost

Rejoining the realm…

Still unreachable

The connection could not be restored.

Session expired

The server has moved on; the page needs a fresh start.